Unix NetHack Version 5.0.0-0 post-release - last build May 17 2026 04:57:42 (dc50c8380fa5e20985bfe3072449f57b8d9895ef,branch:main).

Game began 2026-05-17 01:07:15, ended 2026-05-19 00:18:07.

Kwijibo4686, neutral female human Monk

          ---                                       ----
  ----    |.----                                    |..--
 --..--   |....--                      ----         |...|
 |..^.--- --....|              ----    |..|         --.--
--......|  |...--             --..|   --..|         --.|
|.....%.|  |-..|           ---|...|  |...-----      |..|  ----
|-......----...|           |..|..-----.---|..|     ---.| --..--
|......-......-           --....%--.|...---.^-------...| |....|
--.......------           |...................--.....-----...--    ---.
  ---...--  ----   ----   |......................---..| |..---     |...
    --....---..--  |..-----....................-.---..--|..----....|.--
 --- --)...)))..-- |....|...`..........................||...-|.......|
--.-- |)....(..).---.....).............................||.|..|....----
|...| |.......%......----.---.*...........^............||)|->@f----
|...---[----.)--------  -----...^..............---...---|.|--..|
--......|  ----            |.............^..--------.| --)| |..|
--......|                  |......----....-.%...|  |.---..|
|...<...|                  ---....|  |.....---..|  |.....--
--...|.--                    |..---  -----..|----  ----..|
 -------                     ----        ----         ----

Kwijibo4686 the Initiate        St:18/04 Dx:10 Co:14 In:7 Wi:14 Ch:10  Neutral
Dlvl:9  $:0  HP:0(65) Pw:26(26) AC:0  Xp:9 T:5667  Hungry  

Latest messages:
 Y - a purple-red potion.
 You see here a rothe corpse.
 You see here 4 daggers.
 You see here a dagger.
 You see here a statue of a displacer beast.
 The statue comes to life!
 You miss the displacer beast.
 The displacer beast hits!
 The displacer beast hits again!
 The displacer beast bites!
 The displacer beast swaps places with you...
 The displacer beast hits!
 The displacer beast hits again!
 The displacer beast bites!
 You descend the stairs.
 You hit the invisible gnome lord!
 The invisible gnome lord hits!
 You kill the invisible gnome lord!
 The gnome lord picks up an angled poleaxe.
 You hit the gnome lord!
 You kill the gnome lord!
 You find a rust trap.
 A gush of water hits you on the head!
 Your helm rusts!
 You kill the jackal!
 The jackal bites!
 You kill the jackal!
 You see here a jackal corpse.
 You are beginning to feel hungry.
 The cockatrice bites!
 The cockatrice misses!
 You hit the cockatrice!
 You hit the cockatrice!
 You hit the cockatrice!
 You kill the cockatrice!
 Z - a cockatrice corpse.
 You see here a dagger.
 What do you want to wield? [- or ?*] ?
 Z - a cockatrice corpse (wielded).
 You climb up the stairs.
 The displacer beast swaps places with you...
 The displacer beast hits!
 The displacer beast hits again!
 The displacer beast bites!
 The displacer beast swaps places with you...
 The displacer beast hits!
 The displacer beast just misses!
 The displacer beast bites!
 You die...
 Do you want your possessions identified? [ynq] (y) q

Inventory:
 Armor    ('[')
  F - a blessed rusty +2 dwarvish iron helm (being worn)
  S - an uncursed burnt +2 pair of leather gloves (being worn)
  D - an uncursed +0 pair of iron shoes (being worn)
  b - an uncursed +1 robe (being worn)
 Comestibles  ('%')
  Z - an uncursed cockatrice corpse (wielded)
 Scrolls  ('?')
  X - a cursed scroll of identify
 Potions  ('!')
  Y - an uncursed potion of restore ability
 Wands    ('/')
  W - a wand of cancellation (0:6)
  h - a wand of magic missile (0:3)
  q - a wand of slow monster (0:2)
  l - a wand of striking (0:1)
 Tools    ('(')
  a - an uncursed bag of holding containing 54 items
  k - an empty uncursed sack
  M - a bag of tricks (0:13)
  u - an uncursed lock pick
  U - an uncursed skeleton key
 Gems/Stones  ('*')
  v - an uncursed luckstone

Contents of the bag of holding:
  1117 gold pieces
  an uncursed amulet of restful sleep
  an uncursed amulet of ESP
  a blessed +0 helm of brilliance
  an uncursed +0 pair of kicking boots
  2 uncursed slime molds
  5 uncursed apples
  2 uncursed cream pies
  8 uncursed food rations
  7 uncursed oranges
  an uncursed tripe ration
  an uncursed tin of yellow mold
  an uncursed egg
  a blessed scroll of confuse monster
  an uncursed scroll of punishment
  a blessed scroll of enchant armor
  an uncursed scroll of enchant armor
  a blessed scroll of food detection
  an uncursed scroll of create monster
  an uncursed scroll of fire
  an uncursed scroll of genocide
  2 uncursed scrolls of blank paper
  a cursed scroll of blank paper
  an uncursed scroll of identify
  an uncursed scroll of light
  a blessed scroll of teleportation
  2 uncursed scrolls of teleportation
  an uncursed potion of gain ability
  a cursed potion of gain ability
  an uncursed potion of water
  a potion of unholy water
  an uncursed potion of object detection
  an uncursed potion of enlightenment
  a cursed potion of speed
  an uncursed potion of gain energy
  a blessed potion of fruit juice
  5 uncursed potions of booze
  2 cursed potions of booze
  an uncursed potion of acid
  an uncursed potion of confusion
  4 uncursed potions of healing
  an uncursed ring of slow digestion
  an uncursed ring of free action
  an uncursed ring of protection from shape changers
  an empty uncursed sack
  a blessed partly used tallow candle
  an uncursed partly used tallow candle
  an uncursed partly used tallow candle
  an uncursed partly used tallow candle
  an uncursed partly used tallow candle
  an uncursed partly used tallow candle
  a +0 pick-axe
  an uncursed stethoscope
  an uncursed touchstone

Kwijibo4686 the Monk's attributes:

Background:
 You were an Initiate, a level 9 female human Monk.
 You were neutral, on a mission for Chih Sung-tzu
 who was opposed by Shan Lai Ching (lawful) and Huan Ti (chaotic).
 You were right-handed.
 You were in the Gnomish Mines, on level 9.
 You entered the dungeon 5667 turns ago.
 It was the midnight hour.
 There was a new moon in effect when your adventure ended.
 You had 4015 experience points, 1105 more were needed to attain level 10.

Basics:
 You had 0 out of 65 hit points.
 You had all 26 energy points (spell power).
 Your armor class was 0.
 Your wallet was empty, but
 you had 1117 zorkmids stashed away in your pack.
 Autopickup was on for '$?!/="' plus thrown.

Final Characteristics:
 Your strength was 18/04 (limit:18/100).
 Your dexterity was 10 (limit:18).
 Your constitution was 14 (limit:18).
 Your intelligence was 7 (limit:18).
 Your wisdom was 14 (peak:15, limit:18).
 Your charisma was 10 (limit:18).

Final Status:
 You were hungry.
 You were unencumbered.
 You were wielding a corpse.

Final Attributes:
 You were piously aligned.
 You were sleep resistant.
 You were poison resistant.
 You saw invisible.
 You were telepathic.
 You were warned.
 You had automatic searching.
 You were stealthy.
 You were guarded.
 Your spell casting was enhanced by wearing a robe.
 You were fast.
 You were lucky.
 You had extra luck.
 Bad luck did not time out for you.
 Good luck did not time out for you.
 You are dead.

Miscellaneous:
 You didn't encounter any bones levels.
 Total elapsed playing time was 1 hour, 12 minutes and 24 seconds.

Major events:
 Turn
    1: Kwijibo4686 the neutral female human Monk entered the dungeon
  892: attained the rank of Novice (level 3)
 1596: entered the Gnomish Mines
 1855: attained the rank of Initiate (level 6)
 2364: reached Mine Town
 3744: acquired the Mines' End luckstone
 5667: killed by a displacer beast

Spells:
 Name                 Level Category     Fail Retention
 confuse monster        1   enchantment    0%   51%-75%

Skills:
 Fighting Skills
   martial arts       [Expert]
 Weapon Skills
   quarterstaff       [Unskilled]
   spear              [Unskilled]
   crossbow           [Unskilled]
   shuriken           [Unskilled]
 Spellcasting Skills
   attack spells      [Unskilled]
   healing spells     [Basic]
   divination spells  [Unskilled]
   enchantment spells [Unskilled]
   clerical spells    [Unskilled]
   escape spells      [Unskilled]
   matter spells      [Unskilled]

Voluntary challenges:
 Character rerolling was not enabled.
 You never genocided any monsters.
 You never polymorphed an object.
 You used no wishes.
Achievements:
 You entered a shop.
 You attained the rank of Novice.
 You entered the Gnomish Mines.
 You attained the rank of Initiate.
 You entered Minetown.
 You entered a temple.
 You completed the Gnomish Mines.

 The Dungeons of Doom: levels 1 to 7
    Level 1:
    Level 2:
    Level 3:
       A weapon shop.
    Level 4:
       Stairs down to The Gnomish Mines.
    Level 5:
       Many fountains.
    Level 6:
       A fountain, some sinks.
    Level 7:
 The Gnomish Mines: levels 5 to 12
    Level 5:
    Level 6:
    Level 7:
       Many shops, a temple and an altar, some fountains, some trees.
    Level 8:
    Level 9: <- You were here.
       Final resting place for
          you, killed by a displacer beast.
    Level 10:
    Level 11:
    Level 12:
       A fountain.


Vanquished creatures:
  a genetic engineer
  a small mimic
  a glass piercer
  a xan
  a sasquatch
  a gelatinous cube
  a dwarf ruler
  a wraith
  a giant beetle
  a cockatrice
  a lynx
  a panther
  a vampire bat
  a gnome ruler
 an owlbear
  a dog
  a snake
  3 apes
  2 human zombies
  a bugbear
 an imp
  a quasit
  a wood nymph
  8 Mordor orcs
  8 Uruk-hai
  a rock piercer
  2 ponies
  a fog cloud
  2 yellow lights
 18 gnome leaders
  4 gnomish wizards
  a barrow wight
 an elf zombie
  2 straw golems
  a paper golem
 17 dwarves
  3 hill orcs
  3 rothes
  a rabid rat
  4 giant bats
  a dwarf zombie
  a wererat
 an iguana
  4 killer bees
  2 coyotes
  6 hobbits
  a large kobold
  3 giant rats
  a cave spider
  a brown mold
  2 yellow molds
  a green mold
 62 gnomes
  3 geckos
 11 jackals
  a fox
  a kobold
  a goblin
  4 sewer rats
 10 grid bugs
  7 lichens
  a kobold zombie
  5 newts
233 creatures vanquished.

No species were genocided or became extinct.

Game over:
                       ----------
                      /          \
                     /    REST    \
                    /      IN      \
                   /     PEACE      \
                  /                  \
                  |   Kwijibo4686    |
                  |     1117 Au      |
                  |   killed by a    |
                  | displacer beast  |
                  |                  |
                  |                  |
                  |       2026       |
                 *|     *  *  *      | *
        _________)/\\_//(\/(/\)/\//\/|_)_______

Goodbye Kwijibo4686 the Monk...

You died in The Gnomish Mines on dungeon level 9 with 15150 points,
and 1117 pieces of gold, after 5667 moves.
You were level 9 with a maximum of 65 hit points when you died.

